 Dungeon Crawl Stone Soup version 0.29-a0-330-g52719c12eb (webtiles) character file.

Game seed: 15064871442521195140

116 kae the Gusty (level 5, 0/28 HPs)
             Began as a Tengu Air Elementalist on Apr 23, 2022.
             Succumbed to Ijyb's poison
             ... on level 3 of the Dungeon.
             The game lasted 00:01:52 (3462 turns).

kae the Gusty (Tengu Air Elementalist)              Turns: 3462, Time: 00:01:52

Health: 0/28       AC:  2    Str:  9    XL:     5   Next: 0%
Magic:  1/10       EV: 14    Int: 17    God:
Gold:   146        SH:  0    Dex: 14    Spells: 3/9 levels left

rFire   . . .      SeeInvis .   g - +0 scimitar
rCold   . . .      Faith    .   (no shield)
rNeg    . . .      Spirit   .   a - +0 robe
rPois   .          Reflect  .   (helmet restricted)
rElec   .          Harm     .   (no cloak)
rCorr   .          Rampage  .   (no gloves)
Will    .....                   (boots unavailable)
Stlth   ++........              (no amulet)
HPRegen 0.09/turn               (no ring)
MPRegen 0.12/turn               (no ring)

@: lethally poisoned (0 -> -12), flying quickly and evasively, quick
A: beak, talons 3, nimble flight
a: no special abilities


You were on level 3 of the Dungeon.
You visited 1 branch of the dungeon, and saw 3 of its levels.

You collected 146 gold pieces.

Inventory:

Hand Weapons
 e - a +0 short sword
 g - a +0 scimitar (weapon)
Armour
 a - a +0 robe (worn)
Scrolls
 c - a scroll of identify
 d - a scroll of summoning {unknown}
 h - a scroll of teleportation {unknown}
 i - a scroll of amnesia {unknown}
Potions
 b - a potion of magic
 f - a potion of brilliance


   Skills:
 - Level 2.1 Dodging
 - Level 2.0 Stealth
 + Level 2.8 Spellcasting
 + Level 3.1 Conjurations
 * Level 5.9 Air Magic


You had 3 spell levels left.
You knew the following spells:

 Your Spells              Type           Power      Damage    Failure   Level
a - Shock                 Conj/Air       68%        1d7       2%          1
b - Static Discharge      Conj/Air       17%        N/A       4%          2
c - Swiftness             Air            22%        N/A       4%          3

Your spell library contained the following spells:

 Spells                   Type           Power      Damage    Failure   Level
 Airstrike                Air            11%        N/A       16%         4


Dungeon Overview and Level Annotations

Branches:
Dungeon (3/15)

Altars:

Annotations:
D:3 Ijyb


Innate Abilities, Weirdness & Mutations

You have a beak for a mouth.
You have claws for feet.
Your magical nature lets you fly swiftly and evasively.


Message History

Ijyb is heavily wounded.
The kobold throws a stone.
The stone misses you.
Casting: Shock (safe; 2% risk of failure)
Confirm with . or Enter, or press ? or * to list all spells.
Aiming: Shock (safe; 2% risk of failure)
Press: ? - help, Shift-Dir - straight line The zap misses Ijyb.
Casting: Shock (safe; 2% risk of failure)
Confirm with . or Enter, or press ? or * to list all spells.
Aiming: Shock (safe; 2% risk of failure)
Press: ? - help, Shift-Dir - straight line The zap misses Ijyb.
Ijyb zaps a wand.
You resist with some effort.
Casting: Shock (safe; 2% risk of failure)
Confirm with . or Enter, or press ? or * to list all spells.
Ijyb is struck by an arc of lightning.
Ijyb is heavily wounded.
You are struck by an arc of lightning.
The lightning grounds out.
Ijyb hits you with a +1 dagger of venom.
You are poisoned.
You feel sick. Ijyb barely misses you.
The kobold throws a stone.
The stone hits you.
Casting: Static Discharge (safe; 4% risk of failure)
Confirm with . or Enter, or press ? or * to list all spells.
Ijyb is struck by an arc of lightning!
Ijyb is almost dead.
You are struck by an arc of lightning.
The lightning grounds out.
You feel sick.
Ijyb zaps a wand.
You suddenly lose the ability to move!
The kobold throws a stone.
The stone hits you.
You feel sick.
Ijyb hits you with a +1 dagger of venom.
The kobold throws a stone.
The stone hits you.
You feel sick.
Ijyb zaps a wand.
You resist with some effort.
You feel sick.
Ijyb hits you with a +1 dagger of venom.
* * * LOW HITPOINT WARNING * * *
You are lethally poisoned!
The kobold hits you with a +0 whip.
* * * LOW HITPOINT WARNING * * *
You can move again.
You die...

.....##.. .....##.# #..
.....##.# #.# ####..#.#
#.#
......#.######.#########
........................
........######..........
...........###..........
................@K/.....
...###.....###..g.......
#### #.>................
.. ###....##.#........
##.# #....####........
.. # #...... .........
#. ##########.......
.......


You could see Ijyb and a kobold.

Vanquished Creatures
  4 gnolls
  2 adders (D:2)
  2 dart slugs
  2 orcs (D:3)
  4 bats
  4 endoplasms
  2 giant cockroaches (D:1)
  8 hobgoblins
  2 jackals (D:3)
  5 kobolds
  A quokka (D:2)
  6 ball pythons
  2 frilled lizards
  7 goblins
51 creatures vanquished.

Notes
Turn   | Place    | Note
-------+----------+-------------------------------------------
     0 | D:1      | kae the Tengu Air Elementalist began the quest for the Orb.
     0 | D:1      | Reached XP level 1. HP: 10/10 MP: 4/4
   171 | D:1      | Reached XP level 2. HP: 15/15 MP: 1/6
   336 | D:1      | You fall into a shaft and drop 1 floor!
   616 | D:1      | Reached XP level 3. HP: 9/19 MP: 0/7
  1610 | D:2      | Reached skill level 5 in Air Magic
  1668 | D:2      | Learned a level 2 spell: Static Discharge
  2329 | D:2      | Reached XP level 4. HP: 24/24 MP: 3/8
  2982 | D:2      | Found a faded altar of an unknown god.
  3127 | D:2      | Learned a level 3 spell: Swiftness
  3367 | D:3      | Gained mutation: Your magical nature lets you fly swiftly
                  | and evasively. [Tengu growth]
  3367 | D:3      | Reached XP level 5. HP: 28/28 MP: 5/10
  3449 | D:3      | Noticed Ijyb
  3458 | D:3      | Paralysed by Ijyb for 4 turns
  3462 | D:3      | Succumbed to Ijyb's poison

Illustrated notes

Levels and vault maps discovered:
D:1:      psy_arrival_fountain, layout_basic, st_stairs_8, lemuel_flame_loot_1
D:2:      layout_loops_cross, dilly_ecumenical_altar_fadedgnrine, minivault_11,
          nicolae_underground_beach
D:3:      cheibrodos_helix_gallery, layout_basic, uniq_ijyb

Skill      XL: |  1  2  3  4 |
---------------+-------------+-----
Conjurations   | 2 3 |  3.1
Air Magic      | 5 |  5.9
Dodging        | |  2.1
Stealth        | |  2.0
Spellcasting   | |  2.8

Action                   |  1- 3 |  4- 6 || total
-------------------------+-------+-------++-------
Melee: Unarmed           |     4 |       ||     4
       Peck              |     2 |     1 ||     3
       Kick              |     1 |       ||     1
       Short sword       |     8 |     2 ||    10
 Cast: Shock             |    84 |    48 ||   132
       Static Discharge  |       |     2 ||     2
  Use: Scroll            |     2 |     2 ||     4
Armor: Robe              |     1 |       ||     1
Dodge: Dodged            |    11 |    16 ||    27

Table legend: (Time is in decaauts)
 A = Elapsed time spent in this place.
 B = Non-inter-level travel time spent in this place.
 C = Inter-level travel time spent in this place.
 D = Time resting spent in this place.
 E = Time spent auto-exploring this place.
 F = Levels seen in this place.
 G = Mean time per level.
                   A        B        C        D        E       F      G
               +--------+--------+--------+--------+--------+-----+--------+
         Total |   3461 |   3347 |    114 |    310 |   2696 |   3 | 1153.7 |
       Dungeon |   3461 |   3347 |    114 |    310 |   2696 |   3 | 1153.7 |
               +--------+--------+--------+--------+--------+-----+--------+

Top non-repeatable levels by time:
     D:1: 1806 daAuts
     D:2: 1349 daAuts
     D:3: 305 daAuts
